 Dungeon Crawl Stone Soup version 0.23-a0-386-g9c9d49f (webtiles) character file.

38480 Cryolive the Geomancer (level 14, -15/86 HPs)
             Began as a Gargoyle Earth Elementalist on Oct 28, 2018.
             Was a High Priest of Vehumet.
             Demolished by Rupert
             ... wielding a +2 battleaxe of flaming
              (30 damage)
             ... while paralysed by Rupert
             ... on level 4 of the Lair of Beasts.
             The game lasted 01:26:12 (26550 turns).

Cryolive the Geomancer (GrEE)                      Turns: 26550, Time: 01:26:12

Health: -15/86     AC: 19    Str: 11    XL:     14   Next: 2%
Magic:  17/26      EV:  2    Int: 22    God:    Vehumet [*****.]
Gold:   960        SH:  0    Dex: 14    Spells: 13/30 levels left

rFire    x . .     SeeInvis .   I - +0 quarterstaff (freeze)
rCold    + + .     Gourm    .   (shield currently unavailable)
rNeg     + . .     Faith    .   L - +2 robe {rC+}
rPois    ∞         Spirit   .   S - +0 hat {MR+}
rElec    +         Reflect  .   P - scarf {repulsion}
rCorr    .         Harm     .   g - +2 pair of gloves
MR       ++...                  B - +0 pair of boots
Stlth    ++........             M - amulet of the acrobat
HPRegen  0.24/turn              q - +4 ring of dexterity
MPRegen  0.20/turn              n - ring of ice

@: paralysed, repel missiles
A: big wings, negative energy resistance 1, electricity resistance, unbreathing,
petrification resistance, rot immunity, AC +10
a: Fly, Renounce Religion


You were on level 4 of the Lair of Beasts.
You worshipped Vehumet.
Vehumet was extremely pleased with you.
You were not hungry.

You visited 3 branches of the dungeon, and saw 18 of its levels.

You collected 990 gold pieces.
You spent 30 gold pieces at shops.

Inventory:

Hand Weapons
 I - a +0 quarterstaff of freezing (weapon)
Missiles
 b - 307 stones (quivered)
Armour
 g - a +2 pair of gloves (worn)
 l - a +2 robe of positive energy
 B - a +0 pair of boots (worn)
 L - a +2 robe of cold resistance (worn)
 P - a scarf of repulsion (worn)
 S - a +0 hat of magic resistance (worn)
Jewellery
 n - a ring of ice (right hand)
 p - a +2 amulet of reflection
 q - a +4 ring of dexterity (left hand)
 A - an uncursed ring of fire
 M - an amulet of the acrobat (around neck)
 T - a +3 ring of dexterity
Wands
 v - a wand of polymorph (29)
 y - a wand of random effects (3)
 C - a wand of digging (23)
 F - a wand of clouds (4)
 H - a wand of scattershot (9)
Scrolls
 a - a scroll of fear {unknown}
 e - 11 scrolls of remove curse
 j - 5 scrolls of magic mapping
 m - 5 scrolls of teleportation
 o - 19 scrolls of identify
 r - 3 scrolls of amnesia
 s - 2 scrolls of enchant armour
 u - a scroll of blinking
 E - 3 scrolls of enchant weapon
 G - a scroll of silence {unknown}
 Q - a scroll of noise {unknown}
Potions
 c - a potion of degeneration {unknown}
 h - 6 potions of brilliance
 i - a potion of berserk rage {unknown}
 k - 2 potions of curing
 t - a potion of agility {unknown}
 w - a potion of haste {unknown}
 x - 2 potions of mutation {unknown}
 z - 6 potions of flight
 D - a potion of ambrosia {unknown}
 J - 2 potions of heal wounds {unknown}
 K - a potion of magic {unknown}
 N - a potion of might {unknown}
 O - a potion of resistance {unknown}
 R - 2 potions of cancellation {unknown}
Miscellaneous
 U - a phantom mirror
Comestibles
 d - 22 rations
 f - 7 chunks of flesh


   Skills:
 + Level 9.3 Fighting
 + Level 6.5 Staves
 - Level 6.0 Armour
 + Level 7.4 Dodging
 - Level 2.1 Stealth
 + Level 8.6 Spellcasting
 + Level 9.7 Conjurations
   Level 0.7 Transmutations
 * Level 6.1 Fire Magic
 + Level 11.3 Earth Magic
 * Level 7.9 Evocations


You had 13 spell levels left.
You knew the following spells:

 Your Spells              Type           Power        Failure   Level  Hunger
a - Sandblast             Erth           ######       1%          1    None
b - Stone Arrow           Conj/Erth      ######       1%          3    None
c - Lee's Rapid Deconstr  Erth           ######....   1%          5    #####..
d - Conjure Flame         Conj/Fire      #####...     1%          3    None
e - Bolt of Magma         Conj/Fire/Erth #####.....   1%          5    #####..

Your spell library contained the following spells:

 Spells                   Type           Power        Failure   Level  Hunger
 Passwall                 Tmut/Erth      #####...     1%          2    None
 Beastly Appendage        Tmut           ##....       5%          1    None
 Petrify                  Tmut/Erth      #####...     6%          4    ##.....
 Irradiate                Conj/Tmut      ####......   6%          5    #####..
 Animate Skeleton         Necr           N/A          7%          1    None
 Apportation              Tloc           #.....       7%          1    None
 Confusing Touch          Hex            #.....       7%          1    None
 Pain                     Necr           #...         7%          1    None
 Summon Small Mammal      Summ           #...         7%          1    None
 Sticks to Snakes         Tmut           ##......     8%          2    None
 Call Imp                 Summ           #.......     11%         2    None
 Spider Form              Tmut/Pois      ##........   19%         3    None
 Call Canine Familiar     Summ           #.......     22%         3    None
 Regeneration             Chrm/Necr      #.........   22%         3    None
 Summon Guardian Golem    Hex/Summ       #.......     22%         3    None
 Vampiric Draining        Necr           #.........   22%         3    None
 Ice Form                 Ice/Tmut       ###.....     52%         4    ##.....
 Animate Dead             Necr           N/A          56%         4    ##.....
 Summon Ice Beast         Ice/Summ       ##......     56%         4    ##.....
 Summon Lightning Spire   Summ/Air       #.......     56%         4    ##.....
 Blade Hands              Tmut           ##........   82%         5    #####..
 Hydra Form               Tmut           ##........   100%        6    ######.
 Dragon Form              Tmut           ##........   100%        7    #######
 Statue Form              Tmut/Erth      Unusable     N/A         6    N/A

Dungeon Overview and Level Annotations

Branches:
Dungeon (13/15)            Temple (1/1) D:6            Lair (4/6) D:9
    Orc (0/2) D:9
  Swamp: Lair:2-4    Shoals: Lair:2-4     Snake: Lair:2-4    Spider: Lair:2-4
 Vaults: D:13-14

Altars:
Ashenzari
Cheibriados
Dithmenos
Elyvilon
Fedhas
Gozag
Hepliaklqana
Kikubaaqudgha
Makhleb
Nemelex Xobeh
Okawaru
Qazlal
Ru
Sif Muna
Trog
Uskayaw
Vehumet
Wu Jian
Xom
Yredelemnul
Zin
The Shining One

Shops:
D:8 (*!?   D:10 !

Annotations:
D:12 2 runed doors
Lair:4 Nessos, Rupert


Innate Abilities, Weirdness & Mutations

You are resistant to torment.
Your stone body is resilient. (AC +10)
You are immune to poison.
Your large and strong wings let you fly indefinitely.
You resist negative energy. (rN+)
You are resistant to electric shocks. (rElec)
You can survive without breathing.
You are immune to petrification.
You are immune to rotting.


Message History

Nessos wields a +3 longbow of flaming.
It bursts into flame!
Nessos shoots an arrow.
The arrow hits you! The arrow burns you.
The naga shouts! x2
Nessos casts a spell.
Nessos seems to speed up.
Nessos shoots an arrow.
The arrow is repelled.
Nessos shoots an arrow.
The arrow hits you!! The arrow burns you!
* * * LOW HITPOINT WARNING * * *
A spiny frog comes into view.
Nessos blinks!
A spiny frog comes into view.
Nessos stands on his hind legs for a moment.
Nessos blinks!
Rupert screams, "Get ready!
I'll kill you!
Or something like that..."
Rupert roars madly and goes into a rage!
Rupert goes berserk!
Nessos blinks! x2
A naga comes into view.
It is wielding a +0 halberd and wearing a +2 robe of Rupert hits you with a +2 battleaxe of flaming!!
You die...

##P#. #...# #P.#
##..## ###....##
#...#..c#####
#..#..###÷.#..###
#......##
##<....P# .......
##P..@.## .......
#....@.## .......
#.......# .......
#P...§...NN#
.......
##....>.....P.
.......
#....F....F....
#........§..N#.
#.........§..#
#............#


You could see Rupert (berserk), Nessos, 2 spiny frogs and 3 nagas.

Vanquished Creatures
  Gastronok (Lair:1)
  Fannar (D:11)
  Josephine (D:9)
  7 hydras
  Erica (D:11)
  A catoblepas (D:13)
  A centaur warrior (D:13)
  3 two-headed ogres
  Urug (Lair:2)
  A deep elf mage (D:10)
  Pikel (D:4)
  An ugly thing (D:13)
  2 cyclopes (D:13)
  A manticore (D:13)
  Maurice (D:9)
  3 black mambas
  A centaur zombie (D:13)
  5 spiny frogs
  A gargoyle (D:13)
  A rime drake (Lair:2)
  A komodo dragon (Lair:3)
  2 trolls (D:13)
  5 slime creatures (D:12)
  13 blink frogs
  5 hippogriffs
  A spriggan (D:10)
  21 yaks
  6 wraiths
  2 hungry ghosts
  A wyvern (D:10)
  4 vampire mosquitoes
  A soldier ant (D:11)
  5 water moccasins
  3 acid dragons
  3 hell hounds (D:13)
  4 porcupines
  3 black bears
  8 orc warriors
  An ice beast (D:13)
  5 wolves (Lair:4)
  5 phantoms
  A necrophage (D:10)
  4 sky beasts
  7 ogres
  An eye of draining (D:13)
  8 centaurs
  7 crocodiles
  2 big kobolds
  14 bullfrogs
  2 water moccasin zombies
  14 scorpions
  13 killer bees (D:10)
  4 howler monkeys
  A bullfrog zombie (D:5)
  7 crimson imps
  3 bullfrog skeletons
  13 orc priests
  5 hounds
  A jelly (D:9)
  A centaur skeleton (D:7)
  11 orc wizards
  Terence (D:3)
  6 iguanas
  Natasha (thrice) (D:3)
  5 worker ants
  2 hound zombies
  A mummy (D:5)
  A howler monkey zombie (D:8)
  10 adders
  7 gnolls
  3 shadow imps
  An ooze (D:2)
  2 adder skeletons (D:7)
  An adder zombie (D:5)
  3 worms
  4 dart slugs
  6 leopard geckos
  63 orcs
  4 ball pythons
  3 giant cockroaches
  7 goblins
  4 hobgoblins
  9 jackals
  5 quokkas
  2 bats (D:3)
  5 frilled lizards
  12 kobolds
  A leopard gecko zombie (D:7)
  2 quokka skeletons
  6 rats
432 creatures vanquished.

Vanquished Creatures (others)
  2 centaurs
  A jelly (D:10)
  A worker ant (D:4)
  A quokka (D:10)
  2 fungi
7 creatures vanquished.

Grand Total: 439 creatures vanquished

Notes
Turn   | Place    | Note
-------+----------+-------------------------------------------
     0 | D:1      | Cryolive the Gargoyle Earth Elementalist began the quest
                  | for the Orb.
     0 | D:1      | Reached XP level 1. HP: 10/10 MP: 3/3
   264 | D:1      | Reached skill level 4 in Earth Magic
   264 | D:1      | Reached XP level 2. HP: 13/15 MP: 5/5
   789 | D:2      | Reached XP level 3. HP: 19/19 MP: 2/6
   794 | D:2      | Learned a level 3 spell: Stone Arrow
  1604 | D:2      | Reached skill level 1 in Conjurations
  1645 | D:2      | Reached XP level 4. HP: 23/24 MP: 1/8
  1878 | D:2      | Found a deep blue altar of Sif Muna.
  2270 | D:3      | Noticed Natasha
  2288 | D:3      | Killed Natasha
  2288 | D:3      | Reached skill level 5 in Earth Magic
  2383 | D:3      | Reached XP level 5. HP: 28/28 MP: 9/9
  2546 | D:3      | Noticed Natasha
  2565 | D:3      | Killed Natasha
  2691 | D:3      | Noticed Terence
  2747 | D:3      | Killed Terence
  2771 | D:3      | Reached XP level 6. HP: 32/32 MP: 4/11
  2778 | D:3      | Learned a level 5 spell: Lee's Rapid Deconstruction
  2956 | D:3      | Noticed Natasha
  2960 | D:3      | Killed Natasha
  3202 | D:4      | Reached skill level 1 in Fighting
  3363 | D:4      | Reached skill level 1 in Armour
  3449 | D:4      | Reached XP level 7. HP: 37/38 MP: 12/12
  3482 | D:4      | Reached skill level 6 in Earth Magic
  3715 | D:4      | Noticed Pikel
  3734 | D:4      | Killed Pikel
  3734 | D:4      | Reached XP level 8. HP: 9/45 MP: 1/14
  4100 | D:4      | Found a burning altar of Makhleb.
  4278 | D:5      | Entered Level 5 of the Dungeon
  4278 | D:5      | Found a sacrificial altar of Ru.
  4526 | D:5      | Reached skill level 7 in Earth Magic
  4617 | D:5      | Found an ancient bone altar of Kikubaaqudgha.
  4704 | D:5      | Reached skill level 5 in Spellcasting
  4704 | D:5      | Reached skill level 5 in Conjurations
  4736 | D:5      | Found a shattered altar of Ashenzari.
  4851 | D:5      | Found a snail-covered altar of Cheibriados.
  4964 | D:6      | Reached XP level 9. HP: 40/52 MP: 16/16
  5450 | D:6      | Found a staircase to the Ecumenical Temple.
  5460 | Temple   | Entered the Ecumenical Temple
  5561 | Temple   | Became a worshipper of Vehumet
  5725 | D:5      | Reached skill level 1 in Evocations
  6968 | D:6      | Reached skill level 5 in Fighting
  7255 | D:6      | Reached skill level 5 in Armour
  7293 | D:6      | Reached skill level 8 in Earth Magic
  7797 | D:7      | Found a sacrificial altar of Ru.
  7829 | D:7      | Reached XP level 10. HP: 59/59 MP: 12/18
  8139 | D:7      | Reached * piety under Vehumet
  8139 | D:7      | Offered knowledge of Magic Dart by Vehumet.
  8787 | D:8      | Found Fipeliq's General Store.
  8898 | D:8      | Found a sparkling altar of Nemelex Xobeh.
  9114 | D:8      | Found Pakkazxu's Magic Scroll Emporium.
  9119 | D:8      | Found Mask's Distillery.
  9137 | D:8      | Bought a scroll of identify for 30 gold pieces
  9657 | D:8      | Found Beebuun's Antique Weapon Shop.
  9937 | D:8      | Reached skill level 1 in Staves
 10434 | D:9      | Noticed a two-headed ogre
 10456 | D:9      | Killed a two-headed ogre
 10456 | D:9      | Reached ** piety under Vehumet
 10456 | D:9      | Offered knowledge of Freeze by Vehumet.
 10456 | D:9      | Reached skill level 5 in Dodging
 11037 | D:9      | Found a staircase to the Orcish Mines.
 11054 | D:9      | Noticed Maurice
 11337 | D:9      | Found a staircase to the Lair.
 11460 | D:9      | Killed Maurice
 11631 | D:10     | Entered Level 10 of the Dungeon
 11700 | D:10     | Reached skill level 9 in Earth Magic
 11700 | D:10     | Reached XP level 11. HP: 65/65 MP: 10/20
 12005 | D:10     | Offered knowledge of Static Discharge by Vehumet.
 12375 | D:10     | Noticed a deep elf mage
 12825 | D:10     | Noticed Josephine
 12973 | D:9      | Reached *** piety under Vehumet
 13080 | D:9      | Killed Josephine
 13604 | D:10     | Killed a deep elf mage
 13721 | D:10     | Found Sefruluh's Distillery.
 14283 | D:11     | Offered knowledge of Conjure Flame by Vehumet.
 15021 | D:11     | Noticed Fannar
 15025 | D:11     | Noticed Erica
 15879 | D:11     | Killed Fannar
 16021 | D:11     | Killed Erica
 16021 | D:11     | Reached skill level 5 in Evocations
 16258 | D:12     | Noticed a two-headed ogre
 16268 | D:12     | Killed a two-headed ogre
 16268 | D:12     | Reached skill level 10 in Earth Magic
 16268 | D:12     | Reached XP level 12. HP: 62/73 MP: 11/23
 16273 | D:12     | Learned a level 3 spell: Conjure Flame
 16614 | D:12     | Found a runed door.
 16700 | D:12     | Noticed a five-headed hydra
 16721 | D:12     | Killed a five-headed hydra
 16924 | D:12     | Reached **** piety under Vehumet
 16991 | D:12     | Noticed a six-headed hydra
 17236 | D:12     | Killed a six-headed hydra
 17236 | D:12     | Offered knowledge of Throw Icicle by Vehumet.
 17511 | D:12     | Found a runed door.
 17679 | D:12     | Reached skill level 5 in Staves
 17679 | D:12     | Reached skill level 1 in Fire Magic
 18235 | D:13     | Noticed a five-headed hydra
 18252 | D:13     | Killed a five-headed hydra
 18466 | D:13     | Noticed a catoblepas
 18520 | D:13     | Noticed a two-headed ogre
 18530 | D:13     | Killed a two-headed ogre
 18645 | D:13     | Found an opulent altar of Gozag.
 18690 | D:13     | Noticed a four-headed hydra
 18696 | D:13     | Killed a four-headed hydra
 18947 | D:13     | Killed a catoblepas
 19298 | D:13     | Noticed a centaur warrior
 19313 | D:13     | Killed a centaur warrior
 19489 | D:13     | Reached XP level 13. HP: 79/79 MP: 17/25
 20254 | Lair:1   | Entered Level 1 of the Lair of Beasts
 20307 | Lair:1   | Reached ***** piety under Vehumet
 20622 | D:9      | Offered knowledge of Bolt of Magma by Vehumet.
 20939 | Lair:1   | Noticed Gastronok
 21229 | Lair:1   | Killed Gastronok
 21525 | Lair:1   | Reached skill level 11 in Earth Magic
 21532 | Lair:1   | Learned a level 5 spell: Bolt of Magma
 22639 | Lair:2   | Reached skill level 5 in Fire Magic
 22787 | Lair:2   | Noticed Urug
 22799 | Lair:2   | Killed Urug
 22943 | Lair:2   | You fall through a shaft!
 23720 | Lair:3   | Noticed Rupert
 26018 | Lair:3   | Gained mutation: Your large and strong wings let you fly
                  | indefinitely. [Gargoyle growth]
 26018 | Lair:3   | Reached XP level 14. HP: 86/86 MP: 15/26
 26545 | Lair:4   | Paralysed by Rupert for 7 turns
 26545 | Lair:4   | Noticed Nessos
 26550 | Lair:4   | Demolished by Rupert

Vault maps used:
D:1:      co_arrival_random_square_maze
D:2:      led_sif_pool, first_ration, st_stairs_7
D:3:      uniq_natasha, uniq_terence
D:4:      lemuel_round_altar, uniq_pikel
D:5:      ashenzari_altar_1, kiku_gazebo_pond_becter, slow_altar_1, basic_altar
D:6:      nicolae_whirlpool, minmay_temple_entry_junction
D:7:      nicolae_ru_the_path_less_chosen, minmay_door_square
D:8:      old_standard_altar, serial_shops, shop, shop,
          nicolae_shop_temple_entry_statues_fountains, shop
D:9:      kennysheep_blocky_room, lair_entry_dummy, orc_david_3, uniq_maurice
D:10:     serial_shops, kennysheep_little_box, hangedman_stone_soup,
          minivault_11, uniq_josephine
D:11:     uniq_erica, uniq_fannar
D:12:     cheibrodos_histonic
D:13:     basic_altar, minmay_rotating_lava
Temple:   regret_index_temple_generic_petals
Lair:1:   grunt_megastairs_3, serial_bayou_shore_b, lemuel_fruit_fields,
          uniq_gastronok
Lair:2:   uniq_urug
Lair:3:   uniq_rupert
Lair:4:   minmay_shoals_entry_hut, minmay_snake_entry_guardpost_small,
          beast_lair_carwin_6, uniq_nessos

Skill      XL: |  1  2  3  4  5  6  7  8  9 10 11 12 13 |
---------------+----------------------------------------+-----
Earth Magic    | 4 5 6 7 8 9 10 11 | 11.3
Conjurations   | 1 2 3 4 5 6 7 8 9 |  9.7
Spellcasting   | 3 4 5 6 7 8 |  8.6
Fighting       | 1 2 3 5 6 7 8 9 |  9.3
Armour         | 1 3 4 5 6 |  6.0
Dodging        | 2 3 4 5 6 7 |  7.4
Evocations     | 2 3 5 6 7 |  7.9
Staves         | 2 4 5 6 |  6.5
Fire Magic     | 3 6 |  6.1
Stealth        | |  2.1
Transmutations | |  0.7

Action                   |  1- 3 |  4- 6 |  7- 9 | 10-12 | 13-15 || total
-------------------------+-------+-------+-------+-------+-------++-------
Melee: Club              |   106 |       |       |       |       ||   106
       Unarmed           |     6 |       |       |       |       ||     6
       Flail             |     3 |    74 |   167 |   349 |       ||   593
       Quarterstaff      |       |       |       |    65 |   288 ||   353
 Cast: Sandblast         |    16 |    25 |    74 |   115 |    40 ||   270
       Stone Arrow       |     1 |     9 |    29 |   226 |   154 ||   419
       Lee's Rapid Decon |       |       |     6 |    40 |     8 ||    54
  Use: Scroll            |     1 |     1 |     3 |     9 |     2 ||    16
       Potion            |       |       |       |     1 |     3 ||     4
 Stab: Sleeping          |     3 |     2 |     3 |     1 |     1 ||    10
  Eat: Chunk             |     2 |     7 |    11 |    17 |    15 ||    52
       Ration            |       |       |     2 |    10 |     3 ||    15
Armor: Robe              |    57 |    42 |   102 |   298 |   168 ||   667
Dodge: Dodged            |    81 |    58 |   171 |   460 |   389 ||  1159
       Deflected         |       |       |       |     3 |     6 ||     9
Block: Other             |     4 |     9 |    20 |    42 |       ||    75
       Reflection        |       |       |     2 |     3 |       ||     5

Table legend:
 A = Non-vault XP
 B = Vault XP
 C = Vault XP percentage of total XP
 D = Non-vault monster count
 E = Vault monster count
 F = Vault count percentage of total count
                 A         B        C        D         E       F
            +---------+---------+-------+---------+---------+-------
      Total |   45002 |    9970 |  18.1 |     397 |      37 |   8.5
            +---------+---------+-------+---------+---------+-------
        D:1 |      22 |       0 |   0.0 |      11 |       0 |   0.0
        D:2 |      95 |       2 |   2.1 |      21 |       1 |   4.5
        D:3 |     170 |      71 |  29.5 |      23 |       2 |   8.0
        D:4 |     553 |     593 |  51.7 |      22 |       1 |   4.3
        D:5 |    1169 |      18 |   1.5 |      22 |       1 |   4.3
        D:6 |    1500 |     216 |  12.6 |      29 |       2 |   6.5
        D:7 |     726 |       0 |   0.0 |      19 |       0 |   0.0
        D:8 |    1608 |       0 |   0.0 |      39 |       0 |   0.0
        D:9 |    3772 |    2285 |  37.7 |      25 |      16 |  39.0
       D:10 |    2370 |    1039 |  30.5 |      48 |       6 |  11.1
       D:11 |    2496 |    1974 |  44.2 |      20 |       2 |   9.1
       D:12 |    5774 |       0 |   0.0 |      28 |       0 |   0.0
       D:13 |    9930 |     441 |   4.3 |      26 |       3 |  10.3
     Lair:1 |    2644 |    2480 |  48.4 |       9 |       2 |  18.2
     Lair:2 |    4390 |     851 |  16.2 |      20 |       1 |   4.8
     Lair:3 |    7198 |       0 |   0.0 |      30 |       0 |   0.0
     Lair:4 |     585 |       0 |   0.0 |       5 |       0 |   0.0
            +---------+---------+-------+---------+---------+-------
